 Dungeon Crawl Stone Soup version 0.23.2-40-g277498a001 (webtiles) character file.

Game seed: 7310528828019570257

166 Emblim88 the Caller (level 5, -15/28 HPs)
             Began as a Deep Elf Summoner on Sept 23, 2019.
             Was an Initiate of Dithmenos.
             Killed from afar by a guardian golem (38 damage)
             ... with an exploding inner flame
             ... summoned by the player character
             ... hexed by INVALID YOU_FAULTLESS
             ... on level 5 of the Dungeon.
             The game lasted 00:19:15 (3362 turns).

Emblim88 the Caller (Deep Elf Summoner)             Turns: 3362, Time: 00:19:16

Health: -15/28     AC:  3    Str:  5    XL:     5   Next: 22%
Magic:  6/13       EV: 13    Int: 21    God:    Dithmenos [......]
Gold:   176        SH:  0    Dex: 15    Spells: 3/12 levels left

rFire    . . .     SeeInvis .   y - +2 whip (distort)
rCold    . . .     Gourm    .   (no shield)
rNeg     . . .     Faith    .   a - +0 robe
rPois    .         Spirit   .   (no helmet)
rElec    .         Reflect  .   (no cloak)
rCorr    .         Harm     .   i - +0 pair of gloves
MR       .....                  (no boots)
Stlth    ++++......             (no amulet)
HPRegen  0.09/turn              v - ring of stealth
MPRegen  0.13/turn              (no ring)

@: no status effects
A: no striking features
a: Renounce Religion


You were on level 5 of the Dungeon.
You worshipped Dithmenos.
Dithmenos was noncommittal.
You were not hungry.

You visited 2 branches of the dungeon, and saw 6 of its levels.

You collected 176 gold pieces.

Inventory:

Hand Weapons
 l - a +0 hunting sling
 p - a +1 dagger of protection
 q - a +0 spear
 w - a +0 flail of draining
 y - a +2 whip of distortion (weapon)
Missiles
 d - 2 javelins (quivered)
 g - 6 tomahawks
 h - 171 stones
 n - 3 needles of paralysis
 o - 76 sling bullets
Armour
 a - a +0 robe (worn)
 i - a +0 pair of gloves (worn)
Jewellery
 v - a ring of stealth (left hand)
Scrolls
 b - a scroll of noise
 e - a scroll of teleportation
 j - a scroll of enchant armour
 s - 3 scrolls of magic mapping
 u - 2 scrolls of remove curse
Potions
 f - a potion of lignification
 k - 3 potions of invisibility
 m - a potion of heal wounds
 r - a potion of curing
 t - a potion of degeneration
Comestibles
 c - 7 rations


   Skills:
 + Level 3.2 Dodging
 * Level 4.4 Stealth
 + Level 4.1 Spellcasting
 + Level 1.2 Hexes
 * Level 5.4 Summonings


You had 3 spell levels left.
You knew the following spells:

 Your Spells              Type           Power        Failure   Level  Hunger
a - Summon Small Mammal   Summ           ####         1%          1    None
b - Call Imp              Summ           ####....     1%          2    #......
c - Summon Guardian Gole  Hex/Summ       ###.....     9%          3    ###....
d - Call Canine Familiar  Summ           ####....     3%          3    ###....

Your spell library contained the following spells:

 Spells                   Type           Power        Failure   Level  Hunger
 Summon Ice Beast         Ice/Summ       ###.....     36%         4    ####...
 Summon Lightning Spire   Summ/Air       ###.....     36%         4    ####...


Dungeon Overview and Level Annotations

Branches:
Dungeon (5/15)             Temple (1/1) D:4

Altars:
Ashenzari
Cheibriados
Dithmenos
Elyvilon
Gozag
Hepliaklqana
Kikubaaqudgha
Makhleb
Nemelex Xobeh
Okawaru
Qazlal
Ru
Sif Muna
Trog
Uskayaw
Vehumet
Wu Jian
Xom
Zin
The Shining One


Message History

The worker ant poisons your hound!
Your hound bites the worker ant.
The worker ant bites your hound.
Your hound looks as sick as possible!
The worker ant poisons your hound!
Your hound barely misses the worker ant.
Your hound barely misses the worker ant.
The worker ant closely misses your hound.
Your hound barely misses the worker ant.
The worker ant barely misses your hound.
Your hound bites the worker ant.
Your guardian golem explodes!
The fiery explosion engulfs your hound!!
Your hound dies!
Your hound's corpse disappears in a puff of smoke!
The fiery explosion engulfs the worker ant!!!
The worker ant dies!
Dithmenos accepts your kill. The fiery explosion engulfs you!!!
Ouch! That really hurt!
You die...

#......#.#########
######.#.#......8..#
....##.#8#########.#
###..#.#.#.......#.#
##.#.#.#.#####.#.#
####.#.#.#.#.....#.#
.......#.#.#.#.###.#
.......#.#.#..§§§..#.#.#
................@....>....
.?.......#.....§§..#..####
.....#...####............
######..........##........
######..####....#####.....
......... #....# .....
.#####.... #..... .... .#
#... ....... .# ......#


There were no monsters in sight!

Vanquished Creatures (collateral kills)
  A bullfrog (D:2)
  A bullfrog skeleton (D:4)
  An iguana (D:4)
  3 worker ants
  Robin (D:2)
  An adder (D:2)
  A shadow imp (D:5)
  An ooze (D:4)
  A dart slug (D:1)
  2 leopard geckos
  6 orcs (D:4)
  8 bats
  2 giant cockroaches
  10 goblins
  9 hobgoblins
  10 jackals
  6 kobolds
  2 quokkas (D:2)
  2 frilled lizards
  A jackal skeleton (D:4)
  A quokka skeleton (D:4)
  7 rats
77 creatures vanquished.

Notes
Turn   | Place    | Note
-------+----------+-------------------------------------------
     0 | D:1      | Emblim88 the Deep Elf Summoner began the quest for the Orb.
     0 | D:1      | Reached XP level 1. HP: 10/10 MP: 6/6
   452 | D:1      | Reached XP level 2. HP: 15/15 MP: 5/8
   467 | D:1      | Learned a level 2 spell: Call Imp
   475 | D:1      | Found a shimmering altar of Xom.
   945 | D:2      | Noticed a bullfrog
   953 | D:2      | Killed a bullfrog
   953 | D:2      | Reached XP level 3. HP: 19/19 MP: 2/10
   958 | D:2      | Learned a level 3 spell: Summon Guardian Golem
  1163 | D:2      | Found a deep blue altar of Sif Muna.
  1288 | D:2      | Reached skill level 5 in Summonings
  1299 | D:2      | Noticed Robin
  1330 | D:2      | Killed Robin
  1349 | D:2      | Reached XP level 4. HP: 24/24 MP: 3/11
  1535 | D:2      | Learned a level 3 spell: Call Canine Familiar
  1705 | D:3      | Found a hazy altar of Hepliaklqana.
  1850 | D:3      | Found a radiant altar of Vehumet.
  1944 | D:3      | Found an opulent altar of Gozag.
  1945 | D:3      | Found a sparkling altar of Nemelex Xobeh.
  2534 | D:4      | Found a snail-covered altar of Cheibriados.
  2535 | D:4      | Found an ancient bone altar of Kikubaaqudgha.
  2564 | D:4      | Found an iron altar of Okawaru.
  2752 | D:4      | Found a staircase to the Ecumenical Temple.
  2765 | D:4      | Reached skill level 1 in Hexes
  2765 | D:4      | Reached XP level 5. HP: 22/28 MP: 13/13
  2769 | Temple   | Entered the Ecumenical Temple
  2995 | Temple   | Became a worshipper of Dithmenos the Shadowed
  3207 | D:5      | Entered Level 5 of the Dungeon
  3362 | D:5      | Killed from afar by a guardian golem

Skill      XL: |  1  2  3  4 |
---------------+-------------+-----
Stealth        | 3 4 |  4.4
Summonings     | 5 |  5.4
Dodging        | 3 |  3.2
Spellcasting   | 4 |  4.1
Hexes          | 1 |  1.2

Action                   |  1- 3 |  4- 6 || total
-------------------------+-------+-------++-------
 Cast: Summon Small Mamm |    18 |       ||    18
       Call Imp          |    22 |     7 ||    29
       Summon Guardian G |     2 |     9 ||    11
       Call Canine Famil |       |    14 ||    14
  Use: Scroll            |       |    12 ||    12
  Eat: Chunk             |     1 |     4 ||     5
       Ration            |       |     2 ||     2
Armor: Robe              |    22 |    10 ||    32
Dodge: Dodged            |    46 |    25 ||    71
